AoeStats
← TLD Dalkiel

Arabia

509829074Analyzed
2v2 RM · 5d ago on Sep 28, 2026· 27m 42s· 4 players
Game mode
Random Map
Map size
Medium (4 player)
Population
200
Speed
Normal
Resources
Standard
Victory
Conquest
Starting age
Dark Age
Ending age
Imperial Age
RankedLock teamsTeams togetherTeam positionsShared explorationLock speedFull tech treeHidden civsTurbo modeCheats
Victory
Defeat
🇦🇷 Koreans · Argentina
1050
+16
🇺🇸 Tupi · United States
997
+18
🇲🇽 Danes · Mexico
1115
-20
🇲🇽 Franks · Mexico
965
-14
Culona
2:03 Loom
10:32 Feudal Age
11:14 Double-Bit Axe
14:39 Horse Collar
15:27 Fletching
21:33 Wheelbarrow
20:43 Town Watch
27:21 Castle Age
26:44 Gold Mining
28:11 Bodkin Arrow
gbecerro
0:27 Loom
10:48 Feudal Age
11:38 Horse Collar
11:45 Double-Bit Axe
15:30 Champi Runner
19:08 Wheelbarrow
18:19 Town Watch
19:55 Arson
20:50 Forging
20:43 Horse Collar
26:53 Castle Age
24:53 Gold Mining
24:54 Stone Mining
25:11 Scale Mail Armor
25:18 Fletching
28:28 Bow Saw
El viejo7335
1:58 Loom
11:23 Feudal Age
25:20 Castle Age
TLD Dalkiel
8:45 Loom
11:22 Feudal Age
12:09 Man-at-Arms
12:36 Arson
13:35 Forging
13:26 Scale Mail Armor
Connection lost

Rejoining the realm…

Still unreachable

The connection could not be restored.

Session expired

The server has moved on; the page needs a fresh start.